 Dungeon Crawl Stone Soup version 0.26-a0-682-g294304f6e8 (webtiles) character file.

Game seed: 14184515976312605514

169 miscthings the Slicer (level 5, 0/32 HPs)
             Began as a Kobold Berserker on Oct 22, 2020.
             Was a Believer of Trog.
             Slain by an adder (3 damage)
             ... on level 3 of the Dungeon.
             The game lasted 00:03:27 (2511 turns).

miscthings the Slicer (Kobold Berserker)            Turns: 2511, Time: 00:03:28

Health: 0/32       AC:  3    Str: 14    XL:     5   Next: 79%
Magic:  5/5        EV: 14    Int:  9    God:    Trog [**....]
Gold:   192        SH:  4    Dex: 15    Spells: 4/4 levels left

rFire    . . .     SeeInvis .   j - +1 dagger (flame)
rCold    . . .     Faith    .   f - +0 buckler
rNeg     . . .     Spirit   .   g - +0 robe
rPois    .         Reflect  .   a - +0 helmet
rElec    .         Harm     .   (no cloak)
rCorr    +         Rampage  .   (no gloves)
MR       ++...                  (no boots)
Stlth    ++........             (no amulet)
HPRegen  1.10/turn              i - ring of resist corrosion
MPRegen  0.09/turn              (no ring)

@: about to teleport, berserk cooldown, regenerating (expiring), slowed, very
slow
A: small, nightstalker 3
a: Berserk, Trog's Hand, Renounce Religion


You were on level 3 of the Dungeon.
You worshipped Trog.
Trog was pleased with you.
You visited 1 branch of the dungeon, and saw 3 of its levels.

You collected 192 gold pieces.

Inventory:

Hand Weapons
 j - a +1 dagger of flaming (weapon)
Armour
 a - a +0 helmet (worn)
 f - a +0 buckler (worn)
 g - a +0 robe (worn)
Jewellery
 i - a ring of resist corrosion (left hand)
Scrolls
 l - a scroll of blinking {unknown}
Potions
 c - a potion of cancellation
 d - a potion of degeneration {unknown}
 e - a potion of curing {unknown}
 h - 3 potions of flight


   Skills:
 - Level 3.2 Fighting
 + Level 8.0 Short Blades
 - Level 1.5 Armour
 - Level 2.4 Dodging


You had 4 spell levels left.
You didn't know any spells.
Your spell library was empty.

Dungeon Overview and Level Annotations

Branches:
Dungeon (3/15)

Altars:


Innate Abilities, Weirdness & Mutations

You are small and have problems with some larger weapons.
You are completely attuned to the shadows.


Message History

You block the orc's attack.
A worm comes into view.
An adder comes into view.
You block the orc's attack.
The worm moves out of view.
Found a pair of gloves and a quarterstaff.
Found a stone staircase leading up.
You feel the effects of Trog's Hand fading.
Found a scroll labeled ERANA LUGG.
The adder hisses angrily.
A rat comes into view.
The kobold hits you.
* * * LOW HITPOINT WARNING * * *
An ooze comes into view.
The rat moves out of view.
The adder bites you.
* * * LOW HITPOINT WARNING * * *
The rat bites you.
* * * LOW HITPOINT WARNING * * *
As you read the scroll of teleportation, it crumbles to dust.
You feel strangely unstable. The adder bites you.
You die...

).<...... .........#.
#J#........
.##[.......##
......Ko..... ####
..?.#S##..... ##...
#r@.##..##. .....
....####).## .....
....#......o# #....
....#..(...... .....
#..#....####........<
####/..(...#####........
........................
.....(#....#!.†[o.......
....(.........Koo†......


You could see an orc priest, an ooze, an adder, a kobold and a rat.

Vanquished Creatures
  Jessica (D:2)
  An orc wizard (D:3)
  5 adders (D:2)
  2 dart slugs
  A leopard gecko (D:2)
  3 orcs (D:3)
  5 bats
  2 giant cockroaches
  10 goblins
  15 hobgoblins
  3 jackals (D:3)
  A quokka (D:2)
  2 frilled lizards (D:2)
  6 kobolds
  3 rats
60 creatures vanquished.

Notes
Turn   | Place    | Note
-------+----------+-------------------------------------------
     0 | D:1      | miscthings the Kobold Berserker began the quest for the
                  | Orb.
     0 | D:1      | Reached XP level 1. HP: 14/14 MP: 1/1
   383 | D:1      | Reached XP level 2. HP: 19/19 MP: 2/2
   714 | D:1      | Reached skill level 5 in Short Blades
   874 | D:2      | Reached XP level 3. HP: 18/23 MP: 3/3
  1161 | D:2      | Reached ** piety under Trog
  1276 | D:2      | Reached skill level 6 in Short Blades
  1394 | D:2      | Reached XP level 4. HP: 18/28 MP: 4/4
  2101 | D:2      | Reached skill level 7 in Short Blades
  2106 | D:2      | Reached XP level 5. HP: 32/32 MP: 5/5
  2143 | D:2      | Noticed Jessica
  2148 | D:2      | Killed Jessica
  2503 | D:3      | Reached skill level 8 in Short Blades
  2510 | D:3      | HP: 1/32 [rat (1)]
  2511 | D:3      | Slain by an adder

Illustrated notes

Levels and vault maps discovered:
D:1:      giann_bridges, layout_loops_ring, minmay_tromino_v4_b
D:2:      cheibrodos_greedy_goblins, layout_basic, uniq_jessica
D:3:      layout_rooms, st_stairs_6, lemuel_tele_altar, uniq_natasha,
          uniq_grinder

Skill      XL: |  1  2  3  4  5 |
---------------+----------------+-----
Short Blades   | 5 6 7 8 |  8.0
Fighting       | |  3.2
Armour         | |  1.5
Dodging        | |  2.4

Action                   |  1- 3 |  4- 6 || total
-------------------------+-------+-------++-------
Melee: Short sword       |    22 |       ||    22
       Dagger            |    82 |   110 ||   192
Invok: Berserk           |       |     2 ||     2
       Trog's Hand       |       |     1 ||     1
  Use: Scroll            |       |     6 ||     6
 Stab: Sleeping          |     4 |     6 ||    10
Armor: Robe              |     9 |    16 ||    25
Dodge: Dodged            |    59 |    79 ||   138
Block: Buckler           |    11 |    16 ||    27

Table legend: (Time is in decaauts)
 A = Elapsed time spent in this place.
 B = Non-inter-level travel time spent in this place.
 C = Inter-level travel time spent in this place.
 D = Time resting spent in this place.
 E = Time spent auto-exploring this place.
 F = Levels seen in this place.
 G = Mean time per level.
                   A        B        C        D        E       F      G
               +--------+--------+--------+--------+--------+-----+--------+
         Total |   2473 |   2294 |    179 |    722 |   1155 |   3 |  824.3 |
       Dungeon |   2473 |   2294 |    179 |    722 |   1155 |   3 |  824.3 |
               +--------+--------+--------+--------+--------+-----+--------+

Top non-repeatable levels by time:
     D:2: 1629 daAuts
     D:1: 761 daAuts
     D:3: 81 daAuts
